 Dungeon Crawl Stone Soup version 0.28-a0-793-g31680bbd8b (webtiles) character file.

Game seed: 4893417854182045312

123 kae the Caller (level 5, -8/26 HPs)
             Began as a Vine Stalker Summoner on Nov 4, 2021.
             Killed from afar by Ijyb (34 damage)
             ... with a bolt of acid
             ... on level 3 of the Dungeon.
             The game lasted 00:01:45 (2829 turns).

kae the Caller (Vine Stalker Summoner)              Turns: 2829, Time: 00:01:46

Health: -8/26      AC:  3    Str: 11    XL:     5   Next: 7%
Magic:  0/10       EV: 12    Int: 16    God:
Gold:   77         SH:  0    Dex: 14    Spells: 4/10 levels left

rFire   . . .      SeeInvis .   b - +2 whip (holy)
rCold   . . .      Faith    .   (no shield)
rNeg    . . .      Spirit   +   a - +1 robe
rPois   .          Reflect  .   (no helmet)
rElec   .          Harm     .   (no cloak)
rCorr   .          Rampage  .   (no gloves)
Will    .....                   (no boots)
Stlth   ++........              (no amulet)
HPRegen 1.08/turn               (no ring)
MPRegen 0.12/turn               (no ring)

@: no status effects
A: fangs 2, regeneration 1, magic shield, antimagic bite, no potion heal 2
a: no special abilities


You were on level 3 of the Dungeon.
You visited 1 branch of the dungeon, and saw 3 of its levels.

You collected 77 gold pieces.

Inventory:

Hand Weapons
 b - a +2 whip of holy wrath (weapon)
Missiles
 f - a throwing net
Armour
 a - a +1 robe (worn)
Scrolls
 e - a scroll of identify {unknown}
Potions
 c - 2 potions of curing {unknown}
 d - a potion of lignification {unknown}
 g - 2 potions of attraction {unknown}
 h - a potion of berserk rage {unknown}


   Skills:
 + Level 1.8 Fighting
 - Level 1.5 Dodging
 - Level 2.4 Stealth
 + Level 3.2 Spellcasting
 * Level 5.2 Summonings


You had 4 spell levels left.
You knew the following spells:

 Your Spells              Type           Power      Damage    Failure   Level
a - Summon Small Mammal   Summ           76%        N/A       2%          1
b - Call Imp              Summ           19%        N/A       3%          2
c - Call Canine Familiar  Summ           19%        N/A       6%          3

Your spell library contained the following spells:

 Spells                   Type           Power      Damage    Failure   Level
 Beastly Appendage        Tmut           4%         N/A       19%         1
 Summon Guardian Golem    Hex/Summ       10%        N/A       19%         3
 Wereblood                Tmut           2%         N/A       28%         2
 Spider Form              Tmut/Pois      2%         N/A       50%         3
 Summon Lightning Spire   Summ/Air       10%        N/A       54%         4


Dungeon Overview and Level Annotations

Branches:
Dungeon (3/15)

Altars:

Shops:
D:1 :

Annotations:
D:3 Ijyb


Innate Abilities, Weirdness & Mutations

You have extremely sharp teeth.
Your natural rate of healing is unusually fast.
When hurt, damage is shared between your health and your magic reserves.
Your bite disrupts and absorbs the magic of your enemies.
Potions cannot restore your health.


Message History

The spell is quite dangerous to cast (6% risk of failure)!
Continue anyway?
Okay, then.
Casting: Call Canine Familiar (quite dangerous; 6% risk of failure)
Confirm with . or Enter, or press ? or * to list all spells.
A beastly little devil appears in a puff of flame.
Your crimson imp disappears in a puff of smoke!
The kobold closely misses you.
Your crimson imp blinks!
A kobold is nearby!
You hit the kobold.
You kill the kobold!
No target in view!
You swap places.
A worm comes into view.
Found a stone staircase leading down.
Things that are here:
a +0 whip; 2 stones; a kobold corpse A quokka and Ijyb come into view.
Ijyb is wielding a +0 dagger and carrying a wand of acid (14).
There are monsters nearby!
A jackal and a kobold come into view.
Found 29 stones.
The worm bites you.
You hit the worm. Your bite misses the worm.
The worm is moderately wounded.
Ijyb shouts!
The worm closely misses you.
There are monsters nearby!
You swap places.
Your crimson imp hits the worm.
Ijyb zaps a wand.
The bolt of acid hits your crimson imp!!
The acid corrodes your crimson imp!
Your crimson imp dies!
Your crimson imp disappears in a puff of smoke!
The bolt of acid hits you!
Things that are here:
a +0 whip; 2 stones; a kobold corpse Ijyb screams, "Level is mine!
All mine!"
Ijyb zaps a wand.
The bolt of acid misses the quokka.
The bolt of acid hits you!!!
Ouch! That really hurt!
You die...

#.#.##....##.#.....#.#.#
..........##.##.###.w..#
...♣♣♣....##.##.# ##.#.#
#♣.####.##.# #)# ♣.#
#.##.# #.# #♣.#
#.##.####.#.#.# ♣.♣♣♣..#
#.##....h.....#
♣.....####.#....g..#.###
♣.♣♣♣.......@r......(.#
#♣.##############.# ♣.#
.# ♣.# # ..# ..# ####


You could see Ijyb, a quokka and a jackal.

Vanquished Creatures
  3 gnolls (D:2)
  An adder (D:2)
  2 dart slugs
  2 endoplasms
  3 giant cockroaches
  5 goblins
  A hobgoblin (D:2)
  3 jackals (D:3)
  A quokka (D:1)
  A ball python (D:2)
  3 bats
  3 frilled lizards
  A kobold (D:3)
  3 rats
32 creatures vanquished.

Vanquished Creatures (collateral kills)
  Jessica (D:2)
  2 adders (D:2)
  2 endoplasms
  2 goblins (D:2)
  A kobold (D:2)
8 creatures vanquished.

Grand Total: 40 creatures vanquished

Notes
Turn   | Place    | Note
-------+----------+-------------------------------------------
     0 | D:1      | kae the Vine Stalker Summoner began the quest for the Orb.
     0 | D:1      | Reached XP level 1. HP: 9/9 MP: 4/4
   529 | D:1      | Reached XP level 2. HP: 12/14 MP: 3/6
   663 | D:1      | Found Foipsysi's Book Boutique.
   743 | D:1      | Learned a level 2 spell: Call Imp
  1616 | D:2      | Noticed a shining eye
  1646 | D:2      | Found a faded altar of an unknown god.
  1648 | D:2      | Noticed a shining eye
  1648 | D:2      | Noticed an eye of devastation
  1648 | D:2      | Noticed a shining eye
  1711 | D:2      | Reached skill level 1 in Fighting
  1711 | D:2      | Reached XP level 3. HP: 9/18 MP: 5/7
  2085 | D:2      | Noticed Jessica
  2103 | D:2      | Killed Jessica
  2104 | D:2      | Gained mutation: Your natural rate of healing is unusually
                  | fast. [Vine Stalker growth]
  2104 | D:2      | Reached XP level 4. HP: 5/22 MP: 1/9
  2369 | D:2      | Reached skill level 5 in Summonings
  2477 | D:2      | Reached XP level 5. HP: 24/26 MP: 6/10
  2791 | D:3      | Learned a level 3 spell: Call Canine Familiar
  2814 | D:3      | Noticed Ijyb
  2829 | D:3      | Killed from afar by Ijyb

Illustrated notes

Levels and vault maps discovered:
D:1:      elethiomel_arrival_infinity_welcomes_careful_drivers,
          layout_loops_ring, serial_shops, nicolae_shop_waterfront
D:2:      wander_river, layout_loops_ring,
          hellmonk_ecumenical_altar_watching_god, uniq_jessica
D:3:      layout_loops_ring, mainiacjoe_overflow_brackets,
          minmay_stone_trees_medium, uniq_ijyb

Skill      XL: |  1  2  3  4 |
---------------+-------------+-----
Fighting       | 1 |  1.8
Spellcasting   | 3 |  3.2
Summonings     | 5 |  5.2
Dodging        | |  1.5
Stealth        | |  2.4

Action                   |  1- 3 |  4- 6 || total
-------------------------+-------+-------++-------
Melee: Whip              |    62 |    33 ||    95
       Unarmed           |     5 |       ||     5
       Bite              |    16 |    10 ||    26
 Cast: Summon Small Mamm |     6 |       ||     6
       Call Imp          |    13 |    11 ||    24
  Use: Scroll            |     1 |       ||     1
 Stab: Sleeping          |     3 |     2 ||     5
       Distracted        |     1 |     1 ||     2
Armor: Robe              |    22 |     7 ||    29
Dodge: Dodged            |    46 |    30 ||    76

Table legend: (Time is in decaauts)
 A = Elapsed time spent in this place.
 B = Non-inter-level travel time spent in this place.
 C = Inter-level travel time spent in this place.
 D = Time resting spent in this place.
 E = Time spent auto-exploring this place.
 F = Levels seen in this place.
 G = Mean time per level.
                   A        B        C        D        E       F      G
               +--------+--------+--------+--------+--------+-----+--------+
         Total |   2865 |   2771 |     94 |      0 |   2382 |   3 |  955.0 |
       Dungeon |   2865 |   2771 |     94 |      0 |   2382 |   3 |  955.0 |
               +--------+--------+--------+--------+--------+-----+--------+

Top non-repeatable levels by time:
     D:1: 1443 daAuts
     D:2: 1282 daAuts
     D:3: 139 daAuts
